 Dungeon Crawl Stone Soup version 0.32-a0-391-gce5c0aab1b (webtiles) character file.

Game seed: 17114296639059210817

17617 Zeldest the Severer (level 12, -1/103 HPs)
             Began as a Mountain Dwarf Fighter on Feb 20, 2024.
             Was an Elder of Yredelemnul.
             Slain by a death yak (20 damage)
             ... on level 3 of the Lair of Beasts.
             The game lasted 00:11:59 (8965 turns).

Zeldest the Severer (Mountain Dwarf Fighter)        Turns: 8965, Time: 00:11:59

Health: -1/103     AC: 16    Str: 27    XL:     12   Next: 20%
Magic:  20/20      EV: 10    Int:  9    God:    Yredelemnul [****..]
Gold:   759        SH:  6    Dex:  9    Spells: 11/11 levels left

rFire   + . .        b - +3 morningstar (vamp)
rCold   . . .        c - +0 buckler
rNeg    . . .        N - +0 swamp dragon scales
rPois   +            K - +0 helmet
rElec   .            d - +1 cloak
rCorr   .            V - +2 pair of gloves {Str+3}
SInv    .            L - +0 pair of boots
Will    +....        y - amulet of regeneration
Stlth   x              - ring of protection from fire
HPRegen 1.17/turn    w - +4 ring of slaying
MPRegen 0.17/turn

%: no passive effects
@: wreathed by umbra
A: runic magic, artefact enchanting
a: Renounce Religion, Light the Black Torch, Recall Undead Harvest, Hurl
Torchlight, Bind Soul


You were on level 3 of the Lair of Beasts.
You worshipped Yredelemnul.
Yredelemnul was aware of your devotion.
You visited 4 branches of the dungeon, and saw 15 of its levels.
You also visited: Sewer.

You collected 759 gold pieces.

Inventory:

Hand Weapons
 a - a +0 war axe
 b - a +3 vampiric morningstar (weapon)
 Y - a +0 broad axe
Missiles
 p - 26 poisoned darts (quivered)
Armour
 c - a +0 buckler (worn)
 d - a +1 cloak (worn)
 K - a +0 helmet (worn)
 L - a +0 pair of boots (worn)
 N - +0 swamp dragon scales (worn)
 V - a +2 pair of gloves of strength (worn)
Jewellery
 u - a +6 ring of dexterity
 w - a +4 ring of slaying (right hand)
 x - a ring of protection from fire (left hand)
 y - an amulet of regeneration (around neck)
 A - a +5 ring of evasion
 F - an amulet of guardian spirit
 I - an amulet of magic regeneration
 O - a ring of see invisible
 Q - an amulet of reflection
Wands
 o - a wand of mindburst (12)
 J - a wand of flame (7)
 M - a wand of paralysis (12)
 S - a wand of digging (7)
Scrolls
 e - 6 scrolls of enchant weapon
 f - 3 scrolls of vulnerability {unknown}
 h - 5 scrolls of teleportation {unknown}
 j - 10 scrolls of identify {unknown}
 k - a scroll of enchant armour {unknown}
 l - 4 scrolls of fog {unknown}
 m - 2 scrolls of butterflies {unknown}
 s - 4 scrolls of poison {unknown}
 z - 2 scrolls of amnesia {unknown}
 D - 3 scrolls of revelation {unknown}
 G - a scroll of silence {unknown}
 H - a scroll of immolation {unknown}
 P - 2 scrolls of noise {unknown}
 R - 3 scrolls of brand weapon {unknown}
 T - 2 scrolls of torment {unknown}
 X - a scroll of blinking {unknown}
Potions
 g - 3 potions of haste {unknown}
 i - 4 potions of berserk rage
 n - 4 potions of heal wounds {unknown}
 q - a potion of magic {unknown}
 r - a potion of resistance {unknown}
 t - a potion of degeneration {unknown}
 v - 2 potions of curing {unknown}
 B - 5 potions of cancellation {unknown}
 C - 2 potions of lignification {unknown}
 E - 2 potions of ambrosia {unknown}
 U - a potion of brilliance {unknown}
 W - 3 potions of attraction {unknown}


   Skills:
 - Level 8.9 Fighting
 * Level 15.3 Axes
 - Level 5.4 Armour
 + Level 10.5 Shields
 + Level 10.6 Invocations
 + Level 5.4 Evocations


You had 11 spell levels left.
You didn't know any spells.
Your spell library contained the following spells:

 Spells                   Type           Power      Damage    Failure   Level
 Summon Small Mammal      Summ           0%         N/A       45%         1
 Mercury Vapours          Alch/Air       0%         N/A       58%         2
 Call Canine Familiar     Summ           0%         N/A       83%         3
 Hailstorm                Conj/Ice       0%         3d5       83%         3
 Stone Arrow              Conj/Erth      0%         3d7       83%         3
 Summon Ice Beast         Ice/Summ       0%         N/A       83%         3
 Airstrike                Air            0%         2d(0-16)  99%         4
 Passage of Golubria      Tloc           0%         N/A       99%         4
 Summon Blazeheart Golem  Fire/Summ      0%         N/A       99%         4
 Silence                  Hex/Air        0%         N/A       100%        5
 Bombard                  Conj/Erth      0%         9d1       100%        6
 Sculpt Simulacrum        Ice/Alch       0%         N/A       100%        6
 Lehudib's Crystal Spear  Conj/Erth      0%         10d2      100%        8


Dungeon Overview and Level Annotations

Branches:
Dungeon (10/15) Zot: 26958  Temple (1/1) D:4 Zot: 5989    Lair (3/5) D:9 Zot: 15676
 Shoals (0/4) Lair:3       Spider (1/4) Lair:2 Zot: 5998   Sewer (visited)
    Orc: D:9-12

Altars:
Ashenzari
Cheibriados
Dithmenos
Elyvilon
Gozag
Hepliaklqana
Kikubaaqudgha
Makhleb
Nemelex Xobeh
Okawaru
Qazlal
Ru
Sif Muna
Trog
Wu Jian
Xom
Yredelemnul
Zin
The Shining One

Shops:
D:3 (   D:7 *

Annotations:
D:5 1 runed translucent door, sdfx's ghost, novice MDRe
D:9 2 transporters, dolphinbomb's ghost, novice CoBe
Lair:1 1 runed translucent door


Innate Abilities, Weirdness & Mutations

Your spellcasting is much less encumbered by armour.
You can use scrolls of enchantment on lesser artefacts.


Message History

You block the death yak's attack.
Okay, then.
The death yak attacks as it pursues you!
The death yak gores you!
The death yak attacks as it pursues you!
The death yak gores you.
The death yak attacks as it pursues you!
The death yak gores you but does no damage.
The death yak attacks as it pursues you!
The death yak gores you!
The death yak snorts and paws the ground.
The death yak attacks as it pursues you!
The death yak misses you.
The death yak attacks as it pursues you!
The death yak closely misses you.
There is a stone staircase leading up here.
The death yak gores you.
You recover from your berserk rage.
The death yak attacks as it pursues you!
The death yak gores you!
* * * LOW HITPOINT WARNING * * *
The death yak attacks as it pursues you!
You block the death yak's attack.
The death yak attacks as it pursues you!
The death yak gores you but does no damage.
The death yak attacks as it pursues you!
You block the death yak's attack.
The death yak attacks as it pursues you!
The death yak gores you but does no damage.
The death yak attacks as it pursues you!
The death yak gores you!!
* * * LOW HITPOINT WARNING * * *
The death yak attacks as it pursues you!
The death yak barely misses you.
The death yak attacks as it pursues you!
The death yak closely misses you.
The death yak attacks as it pursues you!
The death yak gores you!!
You die...
Your body rises from the dead as a mindless zombie.

.# ##..##........## .#
#.>......PP...# .#
##............# ##
#............# .###
##............#
#..###.............#
...................#
...................#
....######.#.Y.Y@..###
PP..# ###....>....#
#PP.## ##......###
##...########........#
##....#.##.##.......##
.#......Z...........#
...................##
...................#
...................##


You could see 2 death yaks.

Vanquished Creatures
  A hydra (Lair:2)
  A catoblepas (Lair:1)
  A two-headed ogre (D:9)
  A cyclops (D:7)
  A cane toad (Lair:1)
  Maggie (D:8)
  5 komodo dragons
  A polar bear (Lair:1)
  2 blink frogs (Lair:2)
  Sigmund (D:5)
  A wyvern (Lair:1)
  A yak (Lair:2)
  A steam dragon (D:7)
  4 water moccasins
  5 sky beasts
  3 black bears
  An ogre (D:5)
  3 centaurs
  A phantom (D:4)
  4 kobold brigands (Sewer)
  A brain worm (Sewer)
  4 bullfrogs
  4 scorpions
  6 wights
  An electric eel (Lair:3)
  3 howler monkeys
  A jelly (D:7)
  6 hounds
  4 orc priests
  A bombardier beetle (D:6)
  Crazy Yiuf (D:3)
  A gnoll bouda (D:9)
  A sleepcap (D:4)
  An iguana (D:4)
  7 orc wizards
  7 gnolls
  10 adders
  A river rat (Sewer)
  2 shadow imps
  A white imp (D:8)
  6 ribbon worms
  A dart slug (D:2)
  22 orcs
  3 bats
  9 endoplasms
  7 giant cockroaches
  6 goblins
  4 hobgoblins
  10 jackals
  4 ball pythons
  7 frilled lizards
  9 kobolds
  9 rats
199 creatures vanquished.

Vanquished Creatures (collateral kills)
  A catoblepas (Lair:1)
  A two-headed ogre (D:9)
  2 death yaks (Lair:3)
  A skyshark (Lair:2)
  A merfolk siren (Lair:3)
  4 cane toads
  A rime drake (Lair:3)
  2 komodo dragons
  Jeremiah (D:8)
  A blink frog (Lair:2)
  A hornet (Lair:2)
  2 yaks (Lair:2)
  A wyvern (Lair:3)
  2 basilisks
  2 steam dragons
  An acid dragon (D:9)
  5 water moccasins (Lair:1)
  Duvessa (D:5)
  An orc warrior (D:7)
  A sky beast (D:8)
  2 ogres (D:6)
  A phantom (D:5)
  5 bullfrogs
  4 wights
  Dowan (D:5)
  A jelly (D:7)
  An orc priest (D:8)
  An iguana (D:7)
  3 orc wizards (D:7)
  An adder (D:5)
  An orc (D:7)
  A goblin (D:6)
  A hobgoblin (D:4)
  2 jackals (D:5)
  A butterfly (Lair:1)
58 creatures vanquished.

Vanquished Creatures (others)
  A merfolk zombie (Lair:3)
  2 komodo dragon zombies (Lair:3)
  A rime drake zombie (Lair:3)
  A wyvern zombie (Lair:3)
  2 water moccasin zombies
  A cyclops zombie (D:7)
  2 bullfrog zombies
  2 sky beast zombies (D:7)
  A hound zombie (D:7)
  An adder zombie (D:4)
  A jelly zombie (D:7)
  5 orc zombies
  2 gnoll zombies (D:9)
  A jackal zombie (D:5)
23 creatures vanquished.

Grand Total: 280 creatures vanquished

Notes
Turn   | Place    | Note
-------+----------+-------------------------------------------
     0 | D:1      | Zeldest the Mountain Dwarf Fighter began the quest for the
                  | Orb.
     0 | D:1      | Reached XP level 1. HP: 19/19 MP: 1/1
    27 | D:1      | Reached XP level 2. HP: 26/26 MP: 2/2
   103 | D:1      | Reached skill level 3 in Axes
   248 | D:1      | Got the Octavo of Brumous Attacks
   282 | D:1      | Reached XP level 3. HP: 31/31 MP: 3/3
   296 | D:1      | Found a faded altar of an unknown god.
   895 | D:2      | Reached XP level 4. HP: 40/40 MP: 4/4
   953 | D:3      | Found Agojaup's Antique Weapon Boutique.
  1041 | D:3      | Reached skill level 4 in Axes
  1095 | D:3      | Found a glowing drain.
  1103 | Sewer    | Entered a sewer
  1288 | Sewer    | Noticed a kobold brigand
  1315 | Sewer    | Killed a kobold brigand
  1316 | Sewer    | Reached XP level 5. HP: 16/46 MP: 5/5
  1619 | Sewer    | Reached skill level 5 in Axes
  1709 | Sewer    | Reached XP level 6. HP: 38/53 MP: 6/6
  2065 | Sewer    | Reached skill level 6 in Axes
  2065 | Sewer    | Reached XP level 7. HP: 49/60 MP: 5/7
  2282 | D:3      | Found a white marble altar of Elyvilon.
  2367 | D:3      | Found a shadowy altar of Dithmenos.
  2383 | D:3      | Reached skill level 5 in Fighting
  2383 | D:3      | Reached skill level 5 in Armour
  2383 | D:3      | Reached skill level 5 in Shields
  2530 | D:3      | Found a runed translucent door.
  2531 | D:3      | Noticed Crazy Yiuf
  2583 | D:3      | Found an ancient bone altar of Kikubaaqudgha.
  2680 | D:3      | Killed Crazy Yiuf
  2786 | D:4      | Reached skill level 7 in Axes
  2841 | D:4      | Found a staircase to the Ecumenical Temple.
  2861 | Temple   | Entered the Ecumenical Temple
  2866 | Temple   | Became a worshipper of Yredelemnul the Fallen
  2916 | D:4      | Reached skill level 1 in Invocations
  2922 | D:4      | Found a glowing golden altar of the Shining One.
  2933 | D:4      | Reached XP level 8. HP: 59/69 MP: 7/9
  2986 | D:4      | Found a snail-covered altar of Cheibriados.
  3175 | D:5      | Entered Level 5 of the Dungeon
  3184 | D:5      | Noticed Sigmund
  3189 | D:5      | Killed Sigmund
  3190 | D:5      | Reached skill level 8 in Axes
  3241 | D:5      | Reached * piety under Yredelemnul
  3264 | D:5      | Found a runed translucent door.
  3282 | D:5      | Noticed sdfx's ghost (novice MDRe)
  3351 | D:5      | Noticed Duvessa
  3351 | D:5      | Noticed Dowan
  3353 | D:5      | Found a shimmering altar of Xom.
  3367 | D:5      | Killed Duvessa
  3368 | D:5      | Reached skill level 9 in Axes
  3368 | D:5      | Killed Dowan
  3603 | D:5      | Reached XP level 9. HP: 78/78 MP: 12/12
  3753 | D:6      | Found an iron altar of Okawaru.
  3822 | D:6      | Found a sparkling altar of Nemelex Xobeh.
  3824 | D:6      | Found a bloodstained altar of Trog.
  3890 | D:6      | Found a shimmering blue altar of Sif Muna.
  3978 | D:6      | Reached skill level 5 in Invocations
  4058 | D:6      | Reached skill level 10 in Axes
  4630 | D:7      | Noticed a cyclops
  4637 | D:7      | Killed a cyclops
  4637 | D:7      | Reached ** piety under Yredelemnul
  4715 | D:7      | Reached skill level 11 in Axes
  4830 | D:7      | Reached XP level 10. HP: 77/88 MP: 14/14
  5093 | D:7      | Found Genar's General Store.
  5273 | D:8      | Noticed Maggie
  5286 | D:8      | Killed Maggie
  5464 | D:8      | Noticed Jeremiah
  5482 | D:8      | Killed Jeremiah
  5535 | D:8      | Reached *** piety under Yredelemnul
  5589 | D:8      | Reached skill level 12 in Axes
  5738 | D:8      | Found a sacrificial altar of Ru.
  5964 | D:9      | Found a staircase to the Lair.
  5992 | D:9      | Noticed a two-headed ogre
  6001 | D:9      | Killed a two-headed ogre
  6066 | D:9      | Found a hazy altar of Hepliaklqana.
  6142 | D:9      | Noticed a two-headed ogre
  6153 | D:9      | Killed a two-headed ogre
  6195 | D:9      | Found an opulent altar of Gozag.
  6311 | D:9      | Noticed a deep troll
  6311 | D:9      | Noticed a moth of wrath
  6312 | D:9      | Noticed dolphinbomb's ghost (novice CoBe)
  6371 | D:9      | Found a transporter.
  6382 | D:9      | Found a bloodstained altar of Trog.
  6382 | D:9      | Found a transporter.
  6393 | D:9      | Noticed a two-headed ogre
  6624 | D:10     | Entered Level 10 of the Dungeon
  6665 | Lair:1   | Entered Level 1 of the Lair of Beasts
  6684 | Lair:1   | Reached skill level 13 in Axes
  6684 | Lair:1   | Reached skill level 1 in Evocations
  6684 | Lair:1   | Reached XP level 11. HP: 40/95 MP: 17/17
  6704 | Lair:1   | Found a runed translucent door.
  6725 | Lair:1   | Noticed a catoblepas
  6734 | Lair:1   | Killed a catoblepas
  6756 | Lair:1   | Noticed a catoblepas
  6767 | Lair:1   | Killed a catoblepas
  7095 | Lair:1   | Reached skill level 14 in Axes
  7647 | Lair:2   | Found a hole to the Spider Nest.
  7654 | Lair:2   | Reached **** piety under Yredelemnul
  7655 | Lair:2   | Reached skill level 10 in Shields
  7670 | Lair:2   | Noticed a skyshark
  7678 | Lair:2   | Killed a skyshark
  7679 | Lair:2   | Reached skill level 10 in Invocations
  7813 | Lair:2   | Identified the +0 robe "Keeddeuv" {Regen+ SInv Stlth+}
  8094 | Lair:2   | Noticed a four-headed hydra
  8102 | Lair:2   | Killed a four-headed hydra
  8435 | Spider:1 | Entered Level 1 of the Spider Nest
  8435 | Spider:1 | Noticed a broodmother
  8469 | Lair:3   | Reached XP level 12. HP: 89/103 MP: 19/19
  8506 | Lair:3   | Reached skill level 5 in Evocations
  8539 | Lair:3   | Reached skill level 15 in Axes
  8677 | Lair:3   | Found a staircase to the Shoals.
  8892 | Lair:3   | Noticed a death yak
  8893 | Lair:3   | Noticed a death yak
  8894 | Lair:3   | Noticed a death yak
  8894 | Lair:3   | Noticed a death yak
  8894 | Lair:3   | Noticed a death yak
  8914 | Lair:3   | Killed a death yak
  8923 | Lair:3   | Killed a death yak
  8965 | Lair:3   | Slain by a death yak

Illustrated notes

Levels and vault maps discovered:
D:1:      saegor_arrival_simple_c, layout_rooms,
          hellmonk_ecumenical_altar_arch_garden
D:2:      layout_rooms, hangedman_decor_opposing
D:3:      layout_rooms, old_standard_altar, mainiacjoe_overflow_tiny_flanked,
          mainiacjoe_overflow_brackets, serial_shops, shop,
          gup_sewer_entry_bubbles, bh_walls_and_bars, uniq_crazy_yiuf_cottage
D:4:      layout_rooms, kennysheep_mini, mainiacjoe_overflow_surrounded_room,
          temple_statues
D:5:      layout_cave_pools, mainiacjoe_overflow_alcove_1,
          hellmonk_ghost_happy_afterlife, kennysheep_generic_room_3,
          uniq_duvessa, uniq_sigmund
D:6:      layout_loops_corners, kennysheep_okawaru_gauntlet,
          kennysheep_little_box, chequers_temple_overflow_statue_of_worship,
          grunt_ministairs_1, eino_small_chamber_without_monster
D:7:      layout_cave_pools, serial_shops, shop_fountains
D:8:      layout_gridville, kennysheep_mini_moat, uniq_jeremiah, uniq_maggie
D:9:      layout_long_grid, grunt_gozag_breadcrumbs,
          nicolae_hepliaklqana_hazy_memory, lair_entry_dummy,
          gammafunk_ghost_wrathful_warriors
D:10:     layout_roguey, vehumet_statue, nicolae_overflow_hidden_temple,
          nicolae_uskayaw_dance_hall, hiddenorc1_lemuel
Temple:   hellmonk_temple_micro_hex
Lair:1:   layout_cave_pods, lemuel_fruit_fields, grunt_megastairs_5
Lair:2:   layout_cellular_growth, dummy_spider_entry,
          chequers_serial_rivers_marsh
Lair:3:   layout_chaotic_city, elwin_shoals_entry_rooms
Spider:1: layout_spider_delve

Skill      XL: |  1  2  3  4  5  6  7  8  9 10 11 12 |
---------------+-------------------------------------+-----
Axes           | 3 4 5 6 7 9 11 13 14 15 | 15.3
Fighting       | 4 5 6 7 8 |  8.9
Armour         | 4 5 |  5.4
Shields        | 4 5 6 7 9 10 | 10.5
Invocations    | 1 4 6 8 10 | 10.6
Evocations     | 1 4 5 |  5.4

Action                     |  1- 3 |  4- 6 |  7- 9 | 10-12 || total
---------------------------+-------+-------+-------+-------++-------
  Melee: War axe           |    98 |   153 |   284 |   189 ||   724
         Morningstar       |       |       |       |    77 ||    77
         Broad axe         |       |       |       |     5 ||     5
  Throw: Dart              |       |       |     5 |       ||     5
 Invoke: Light the Black T |       |       |     4 |     5 ||     9
  Evoke: Wand              |       |       |       |     1 ||     1
    Use: Potion            |       |       |     1 |     2 ||     3
         Scroll            |       |       |       |     1 ||     1
   Stab: Distracted        |       |       |     3 |     4 ||     7
 Armour: Scale mail        |    79 |   107 |   111 |       ||   297
         Ring mail         |       |       |    88 |    19 ||   107
         Swamp dragon scal |       |       |       |   207 ||   207
  Dodge: Dodged            |    67 |    77 |   130 |   104 ||   378
  Block: Buckler           |    30 |    33 |    74 |    70 ||   207

Table legend: (Time is in decaauts)
 A = Elapsed time spent in this place.
 B = Non-inter-level travel time spent in this place.
 C = Inter-level travel time spent in this place.
 D = Time resting spent in this place.
 E = Time spent auto-exploring this place.
 F = Levels seen in this place.
 G = Mean time per level.
                   A        B        C        D        E       F      G
               +--------+--------+--------+--------+--------+-----+--------+
         Total |   9297 |   9003 |    294 |    656 |   6144 |  16 |  581.1 |
       Dungeon |   5757 |   5566 |    191 |    324 |   3879 |  10 |  575.7 |
        Temple |     10 |      6 |      4 |      0 |      0 |   1 |   10.0 |
          Lair |   2322 |   2223 |     99 |      7 |   1782 |   3 |  774.0 |
   Spider Nest |      1 |      1 |      0 |      0 |      0 |   1 |    1.0 |
         Sewer |   1205 |   1205 |      0 |    325 |    482 |   1 | 1205.0 |
               +--------+--------+--------+--------+--------+-----+--------+

Top non-repeatable levels by time:
   Sewer: 1205 daAuts
  Lair:2: 977 daAuts
     D:6: 919 daAuts
     D:3: 821 daAuts
     D:9: 808 daAuts
  Lair:1: 800 daAuts
     D:7: 637 daAuts
     D:8: 563 daAuts
     D:1: 563 daAuts
     D:5: 544 daAuts
  Lair:3: 543 daAuts
     D:4: 463 daAuts
     D:2: 425 daAuts
  Temple: 10 daAuts
    D:10: 9 daAuts
